Map: Old Republic LE

Players

DmitryK - Winner!

  • Race: Terran Terran
  • League: Platinum
  • Spawn Location: 7:00

ИИ 1 (новичок)

  • Race: Terran Terran
  • Spawn Location: 1:00

VOD

Have the link to the VOD?

Description

Time

  • Played on: Jan. 15, 2026, 4:55 a.m.
  • Length: 8:01
Show
View Real Time Build Order
Export as new Build Order

DmitryK Terran - Winner!

Build Orders:  

Get SALT Encoding   

  12  0:03  SCV  
  13  0:15  SCV  
  14  0:22  Supply Depot  
  14  0:27  SCV  
  15  0:44  SCV  
  15  0:46  Barracks  
  16  0:50  Refinery  
  16  0:56  SCV  
  17  1:06  Barracks  
  17  1:08  SCV  
  18  1:20  SCV  
  18  1:24  Barracks  
  19  1:32  SCV  
  20  1:45  Reaper, Orbital Command  
  21  1:51  Refinery  
  21  1:59  Reaper  
  22  2:11  SCV  
  23  2:23  Supply Depot  
  23  2:26  SCV, Reaper  
  25  2:33  Reaper  
  25  2:36  Reaper  
  27  2:46  SCV  
  28  2:55  Command Center  
  28  2:58  Reaper  
  29  3:05  Reaper  
  30  3:08  Reaper  
  30  3:10  SCV  
  32  3:22  SCV  
  32  3:31  Factory  
  32  3:34  SCV  
  32  3:35  Reaper  
  34  3:44  Supply Depot  
  34  3:46  SCV  
  34  3:48  Refinery  
  35  3:52  Reaper x2  
  37  3:58  SCV  
  38  4:10  SCV  
  39  4:21  Factory Tech Lab  
  39  4:22  SCV  
  39  4:23  Starport  
  39  4:29  Barracks Reactor  
  39  4:31  Orbital Command  
  39  4:35  SCV  
  39  4:37  Barracks Tech Lab  
  40  4:47  SCV  
  40  4:52  Siege Tank  
  44  4:59  SCV  
  45  5:03  Starport Reactor  
  45  5:10  SCV  
  45  5:11  SCV  
  45  5:13  Command Center  
  47  5:22  SCV  
  47  5:23  SCV  
  49  5:52  Viking x2  
  49  5:54  Siege Tank, SCV  
  57  5:59  Starport, SCV  
  57  6:03  Refinery  
  58  6:06  SCV  
  58  6:10  Engineering Bay  
  59  6:12  Command Center  
  59  6:15  Fusion Core  
  59  6:22  Viking, Refinery  
  61  6:26  Siege Tank  
  61  6:28  Orbital Command  
  61  6:30  SCV x2  
  61  6:31  Refinery  
  66  6:42  SCV x2  
  68  6:47  Refinery  
  68  6:57  Refinery  
  68  6:58  Siege Tank  
  68  7:00  Banshee  
  74  7:03  SCV x2  
  74  7:04  SCV  
  77  7:23  Viking  
  77  7:25  SCV x2  
  84  7:32  SCV  
  88  7:37  SCV x2  
  88  7:44  SCV  
Show
View Real Time Build Order
Export as new Build Order

ИИ 1 (новичок) Terran 

Build Orders:  

Get SALT Encoding   

  12  0:00  SCV  
  13  0:13  SCV  
  14  0:18  Supply Depot  
  14  0:37  Refinery  
  14  0:41  Barracks  
  14  1:03  Supply Depot  
  14  1:12  Refinery  
  14  1:28  Barracks Tech Lab  
  14  1:30  Orbital Command  
  14  1:46  Marine  
  15  1:55  SCV  
  16  2:07  SCV  
  17  2:20  SCV  
  18  2:32  SCV, Marine  
  20  2:44  SCV  
  21  2:56  SCV  
  22  3:01  Marine  
  22  3:02  Supply Depot  
  23  3:11  SCV  
  21  3:23  SCV  
  22  3:29  Marine  
  23  3:35  SCV  
  24  3:59  Marine  
  25  4:06  SCV  
  15  4:18  SCV  
  14  4:27  Marine  
  14  4:30  SCV  
  16  4:42  SCV  
  17  4:54  SCV  
  17  4:56  Marauder  
  20  5:07  SCV  
  21  5:19  SCV  
  22  5:25  Marine  
  18  5:31  SCV  
  3  5:43  SCV  
  2  5:54  Marauder  
  2  5:55  SCV  
  5  6:07  SCV  
  6  6:15  Refinery  
  6  6:19  SCV  
  6  6:22  Marine  
  8  6:31  SCV  
  9  6:43  SCV  
  9  6:51  Marine  
  3  6:55  Factory, SCV  
  2  7:20  Marauder  
Tags
 
League
Platinum
Matchup
ТvТ
Spawn Locations
Cross Positions
Add a new tag
Caveats
  • Supply blocks, unpowered buildings, or Contaminate may cause inaccurate times.
  • Supply counts are checked every 10 seconds.